 Dungeon Crawl Stone Soup version 0.30-a0-1050-g2766ea1e55 (webtiles) character file.

Game seed: 7648754778232602688

1470601 Ge0ff the Ogre-At-Arms (level 27, 279/291 HPs)
             Began as an Ogre Cinder Acolyte on Apr 10, 2023.
             Was a Believer of Okawaru.
             Escaped with the Orb
             ... and 3 runes!
             The game lasted 03:50:38 (91230 turns).

Ge0ff the Ogre-At-Arms (Ogre Cinder Acolyte)       Turns: 91230, Time: 03:50:38

Health: 279/291    AC: 11    Str: 26    XL:     27
Magic:  46/48      EV: 16    Int: 24    God:    Okawaru [**....]
Gold:   3248       SH: 21    Dex: 20    Spells: 23/50 levels left

rFire   + + .      SeeInvis .    a - +9 hand crossbow (freeze)
rCold   . . .      Faith    .    Q - +0 kite shield of Feasting {Will+ Dex+3}
rNeg    + . .      Spirit   +    x - +4 troll leather armour
rPois   .          Reflect  .    J - +2 hat "Ruusto" {rN+ Dex+4}
rElec   +          Rampage  .    e - scarf {rC+ rF+}
rCorr   .                        (gloves unavailable)
Will    +++..                    (boots unavailable)
Stlth   +                        h - brooch of Shielding {Spirit SH+8}
HPRegen 1.48/turn                Y - ring "Mauhiz" {rElec rF+}
MPRegen 0.31/turn                O - ring of Fun {Wiz MP+9 Int+3 Dex+5, =R}

@: studying 2 skills
A: large, unfitting armour, tough skin 1, deformed body, mutation resistance 1,
electricity resistance, cold vulnerability 1
0: Orb of Zot
}: 3/15 runes: decaying, serpentine, silver
a: Renounce Religion, Heroism


You escaped.
You worshipped Okawaru.
Okawaru was pleased with you.
You visited 11 branches of the dungeon, and saw 51 of its levels.
You also visited: Sewer, Ossuary and Ice Cave.

You collected 11844 gold pieces.
You spent 8596 gold pieces at shops.

Inventory:

Hand Weapons
 a - a +9 hand crossbow of freezing (weapon)
 b - the +9 sling of Incongruity {drain, rC+ Dex+4 Stlth+}
   (You found it on level 5 of the Dungeon)

   Dex:       It affects your dexterity (+4).
   rC:        It protects you from cold.
   Stlth:     It makes you more stealthy.
 w - the +10 dagger "Baen" {flame, rPois rN+++ Str-3}
   (You found it on level 10 of the Dungeon)

   Str:       It affects your strength (-3).
   rPois:     It protects you from poison.
   rN:        It renders you almost immune to negative energy.
Missiles
 g - a throwing net {=F}
 v - 7 curare-tipped darts {=F}
 G - 14 boomerangs
 S - 9 atropa-tipped darts
 Z - 3 datura-tipped darts {=F}
Armour
 e - a scarf of resistance (worn)
 i - +1 swamp dragon scales
 r - the +2 cloak of Cheibriados's Esteem {-Tele rPois Dex+4}
   (You bought it in a shop on level 3 of the Vaults)

   Dex:       It affects your dexterity (+4).
   rPois:     It protects you from poison.
   -Tele:     It prevents most forms of teleportation.
 x - a +4 troll leather armour (worn)
 J - the +2 hat "Ruusto" (worn) {rN+ Dex+4}
   (Okawaru gifted it to you on level 5 of the Vaults)

   Dex:       It affects your dexterity (+4).
   rN:        It protects you from negative energy.
 Q - the +0 kite shield of Feasting (worn) {Will+ Dex+3}
   (Okawaru gifted it to you on level 15 of the Dungeon)

   Dex:       It affects your dexterity (+3).
   Will:      It increases your willpower.
Jewellery
 h - the brooch of Shielding (around neck) {Spirit SH+8}
   (You took it off a deep elf zephyrmancer on level 3 of the Elven Halls)

   [amulet of guardian spirit]

   It causes incoming damage to be divided between your reserves of health and
   magic.
   SH:        It affects your SH (+8).
 D - the ring "Xyifufia" {MP+9 Dex+5 Stlth+}
   (You found it on level 1 of the Swamp)

   [ring of magical power]

   Dex:       It affects your dexterity (+5).
   MP:        It affects your magic capacity (+9).
   Stlth:     It makes you more stealthy.
 M - an amulet of faith
 O - the ring of Fun (right hand) {Wiz MP+9 Int+3 Dex+5, =R}
   (You found it on level 5 of the Lair of Beasts)

   [ring of wizardry]

   It improves your spell success rate.
   Int:       It affects your intelligence (+3).
   Dex:       It affects your dexterity (+5).
   MP:        It affects your magic capacity (+9).
 U - the ring "Toecve Musm" {rCorr Str+3 Int+3 SInv}
   (You took it off a salamander on level 1 of the Snake Pit)

   [ring of see invisible]

   Str:       It affects your strength (+3).
   Int:       It affects your intelligence (+3).
   SInv:      It lets you see invisible.
   rCorr:     It protects you from acid and corrosion.
 Y - the ring "Mauhiz" (left hand) {rElec rF+}
   (You found it on level 11 of the Dungeon)

   [ring of protection from fire]

   rF:        It protects you from fire.
   rElec:     It insulates you from electricity.
Wands
 d - a wand of digging (17)
 f - a wand of flame (49)
 j - a wand of light (3)
 k - a wand of iceblast (2)
 p - a wand of paralysis (3)
 s - a wand of mindburst (23)
 P - a wand of polymorph (11)
Scrolls
 m - 4 scrolls of magic mapping
 y - 5 scrolls of immolation
 B - 3 scrolls of blinking
 C - 7 scrolls of poison
 E - 10 scrolls of fear
 F - 5 scrolls of fog
 L - 6 scrolls of enchant armour
 T - 17 scrolls of teleportation
 V - 4 scrolls of vulnerability
Potions
 o - 4 potions of ambrosia
 q - 19 potions of curing
 u - 7 potions of mutation {!q}
 A - 12 potions of attraction
 H - 2 potions of haste {!q}
 I - a potion of invisibility
 N - 8 potions of cancellation {!q}
 R - a potion of resistance
 W - 3 potions of heal wounds {!q}
 X - 5 potions of flight
Miscellaneous
 c - a condenser vane (inert)
 l - a lightning rod (4/4)
 n - a phial of floods
 t - a tin of tremorstones (1/2)


   Skills:
 - Level 20.0 Fighting
 - Level 3.0 Polearms
 - Level 18.0 Ranged Weapons
 - Level 6.0 Throwing
 - Level 13.0 Armour
 - Level 12.0 Dodging
 + Level 5.1 Stealth
 + Level 10.9 Shields
 - Level 12.0 Spellcasting
 - Level 12.0 Conjurations
 - Level 15.0 Hexes
 - Level 12.0 Transmutations
 - Level 8.0 Fire Magic
 - Level 4.0 Earth Magic
 + Level 20.6 Invocations
 - Level 14.0 Evocations


You had 23 spell levels left.
You knew the following spells:

 Your Spells              Type           Power      Damage    Failure   Level
g - Apportation           Tloc           28%        N/A       3%          1
n - Scorch                Fire           100%       2d9       1%          2
w - Passwall              Tmut/Erth      42%        N/A       1%          2
y - Yara's Violent Unrav  Hex/Tmut       34%        3d14      1%          5
C - Enfeeble              Hex            36%        N/A       6%          7
E - Irradiate             Conj/Tmut      32%        3d22      1%          5
I - Silence               Hex/Air        25%        N/A       4%          5

Your spell library contained the following spells:

 Spells                   Type           Power      Damage    Failure   Level
 Foxfire                  Conj/Fire      100%       2x1d9     1%          1
 Kiss of Death            Conj/Necr      100%       2d13      1%          1
 Magic Dart               Conj           100%       1d8       1%          1
 Sandblast                Erth           66%        2d15      1%          1
 Shock                    Conj/Air       100%       1d9       1%          1
 Sting                    Tmut/Pois      100%       1d8       1%          1
 Ensorcelled Hibernation  Hex/Ice        100%       N/A       1%          2
 Searing Ray              Conj           100%       2d8       1%          2
 Dazzling Flash           Conj/Hex       100%       N/A       1%          3
 Ignite Poison            Fire/Tmut/Pois 46%        N/A       1%          3
 Inner Flame              Hex/Fire       62%        N/A       1%          3
 Portal Projectile        Hex/Tloc       100%       N/A       1%          3
 Spider Form              Tmut/Pois      43%        N/A       1%          3
 Stone Arrow              Conj/Erth      100%       3d13      1%          3
 Anguish                  Hex/Necr       25%        N/A       1%          4
 Cause Fear               Hex            36%        N/A       1%          4
 Flame Wave               Conj/Fire      58%        2d14      1%          4
 Fulminant Prism          Conj/Hex       34%        3d16      1%          4
 Leda's Liquefaction      Hex/Erth       28%        N/A       1%          4
 Petrify                  Tmut/Erth      51%        N/A       1%          4
 Sticky Flame             Conj/Fire      58%        2d7       1%          4
 Blade Hands              Tmut           32%        N/A       1%          5
 Fireball                 Conj/Fire      29%        3d13      1%          5
 Iskenderun's Battlesphe  Conj           64%        2d11      1%          5
 Ice Form                 Ice/Tmut       43%        N/A       2%          4
 Necrotise                Necr           56%        1d6       3%          1
 Metabolic Englaciation   Hex/Ice        25%        N/A       4%          5
 Cigotuvi's Dreadful Rot  Necr/Pois/Air  28%        N/A       5%          2
 Lesser Beckoning         Tloc           28%        N/A       5%          2
 Poisonous Vapours        Pois/Air       28%        N/A       5%          2
 Sublimation of Blood     Necr           14%        N/A       5%          2
 Alistair's Intoxication  Tmut/Pois      28%        N/A       9%          5
 Frozen Ramparts          Ice            28%        1d5       11%         3
 Gell's Gravitas          Tloc           14%        N/A       11%         3
 Ozocubu's Armour         Ice            14%        N/A       11%         3
 Swiftness                Air            14%        N/A       11%         3
 Teleport Other           Tloc           14%        N/A       11%         3
 Vampiric Draining        Necr           14%        2d7       11%         3
 Freezing Cloud           Conj/Ice/Air   16%        6-21      17%         5
 Lee's Rapid Deconstruct  Erth           16%        3d10*     17%         5
 Iron Shot                Conj/Erth      25%        9d5       19%         6
 Statue Form              Tmut/Erth      34%        N/A       19%         6
 Dragon Form              Tmut           32%        N/A       21%         7
 Orb of Destruction       Conj           32%        9d10      21%         7
 Airstrike                Air            7%         2d(1-17)  32%         4
 Dispel Undead            Necr           14%        3d10      32%         4
 Manifold Assault         Tloc           14%        N/A       32%         4
 Olgreb's Toxic Radiance  Pois           14%        N/A       32%         4
 Borgnjor's Vile Clutch   Necr/Erth      12%        N/A       38%         5
 Conjure Ball Lightning   Conj/Air       21%        3x3d6     38%         6
 Eringya's Noxious Bog    Tmut/Pois      21%        N/A       38%         6
 Agony                    Necr           14%        N/A       65%         5
 Dispersal                Tloc           7%         N/A       99%         6
 Ozocubu's Refrigeration  Ice            7%         4d9       100%        7
 Borgnjor's Revivificati  Necr           7%         N/A       100%        8
 Disjunction              Tloc           7%         N/A       100%        8
 Necromutation            Tmut/Necr      21%        N/A       100%        8
 Chain Lightning          Conj/Air       21%        3d28      100%        9
 Death's Door             Necr           7%         N/A       100%        9
 Fire Storm               Conj/Fire      29%        8d7       100%        9
 Polar Vortex             Ice            7%         N/A       100%        9
 Shatter                  Erth           16%        3d16*     100%        9
 Tukima's Dance           Hex            Unusable   N/A       N/A         3
 Summon Small Mammal      Summ           Unusable   N/A       N/A         1
 Call Canine Familiar     Summ           Unusable   N/A       N/A         3
 Animate Dead             Necr           Unusable   N/A       N/A         4
 Summon Ice Beast         Ice/Summ       Unusable   N/A       N/A         4
 Death Channel            Necr           Unusable   N/A       N/A         6
 Simulacrum               Ice/Necr       Unusable   N/A       N/A         6

Dungeon Overview and Level Annotations

Branches:
Dungeon (15/15)            Temple (1/1) D:4            Lair (5/5) D:8
  Swamp (4/4) Lair:2        Snake (4/4) Lair:2        Slime (0/5) Lair:4
    Orc (2/2) D:9             Elf (3/3) Orc:2        Vaults (5/5) D:14
  Crypt (3/3) Vaults:2       Tomb (0/3) Crypt:3      Depths (4/4) D:15
    Zot (5/5) Depths:4      Sewer (visited)         Ossuary (visited)
  IceCv (visited)

Altars:
Ashenzari
Cheibriados
Dithmenos
Elyvilon
Fedhas
Gozag
Hepliaklqana
Kikubaaqudgha
Makhleb
Nemelex Xobeh
Okawaru
Qazlal
Ru
Sif Muna
Trog
Uskayaw
Vehumet
Wu Jian
Xom
Yredelemnul
Zin
The Shining One

Shops:
D:8 *   Orc:2 *?(!   Elf:1 (   Snake:2 :   Vaults:2 *   Vaults:3 ?([[*
Vaults:5 ??(![?   Depths:1 [   Depths:2 [   Depths:4 ==:

Portals:
Hell: Depths:1 Depths:2 Depths:3 Depths:4
Abyss: Depths:3
Pandemonium: Depths:2
Ziggurat: Depths:1


Innate Abilities, Weirdness & Mutations

You are too large for most types of armour.
You have tough skin. (AC +1)
Armour fits poorly on your strangely shaped body.
You are somewhat resistant to further mutation.
You are resistant to electric shocks. (rElec)
You are vulnerable to cold. (rC-)


Message History

There is a stone staircase leading up here.
You climb upwards.
There is a stone staircase leading down here.
There is a stone staircase leading up here.
You climb upwards.
There is a stone staircase leading down here.
There is an open door here.
There is a staircase leading out of the dungeon here.
Really put on
M - an amulet of faith?
You start removing your amulet.
You continue taking off the brooch of Shielding {Spirit SH+8}. x4
You finish taking off the brooch of Shielding {Spirit SH+8}.
You start putting on your amulet.
You continue putting on your amulet of faith. x5
You finish putting on your amulet of faith.
You feel a surge of divine interest.
M - an amulet of faith (around neck) Really remove
M - an amulet of faith?
You start removing your amulet.
You continue taking off your amulet of faith. x4
You finish taking off your amulet of faith.
Okawaru seems less interested in you.
You feel less pious.
You can no longer enter into single combat with a foe.
Okawaru will no longer gift you equipment.
Really put on
M - an amulet of faith?
You start putting on your amulet.
You continue putting on your amulet of faith. x5
You finish putting on your amulet of faith.
You feel a surge of divine interest.
M - an amulet of faith (around neck) Really remove
M - an amulet of faith?
You start removing your amulet.
You continue taking off your amulet of faith. x4
You finish taking off your amulet of faith.
Okawaru seems less interested in you.
You feel less pious.
Okawaru will no longer gift you throwing weapons.
You start putting on your amulet.
You continue putting on the brooch of Shielding {Spirit SH+8}. x3
Keep equipping yourself?
You continue putting on the brooch of Shielding {Spirit SH+8}.
The hell hound barks! x2
You continue putting on the brooch of Shielding {Spirit SH+8}.
You finish putting on the brooch of Shielding {Spirit SH+8}.
You feel your power drawn to a protective spirit.
h - the brooch of Shielding (around neck) {Spirit SH+8} The hell hound breathes flames at you.
The blast of flame hits you! You resist. The hell hound breathes flames at you.
The blast of flame hits you! You resist.
You have escaped!

##### ######.@.######
###.............###
####.................###
##..'.....hh..........+.#
##..##.................#.##
##..#####.....h.h.....###..#
##..## ###.........### ##.#
#..## ###.....### #.# ##
#.## ###.........###
##.####.


You could see 4 hell hounds.

Vanquished Creatures
  A dread lich (Zot:5)
  7 orbs of fire (Zot:5)
  Khufu (Arena)
  3 ancient liches
  A juggernaut (Depths:1)
  Mara (Vaults:5)
  Vv (Crypt:3)
  A royal mummy (Crypt:2)
  4 Killer Klowns (Zot:5)
  Margery (Vaults:2)
  Frederick (Vaults:3)
  Saint Roka (Snake:3)
  A shard shrike (shapeshifter) (Vaults:5)
  the Lernaean hydra (Swamp:4)
  Vashnia (Snake:3)
  Xtahua (Crypt:2)
  A caustic shrike (Depths:1)
  The ghost of Owosan the Earth Mage, a veteran GnHW of Vehumet (Crypt:1)
  4 curse toes
  8 golden dragons
  Jory (Vaults:3)
  2 electric golems (Zot:5)
  2 doom hounds (Zot:4)
  Rupert (D:14)
  A walking crystal tome (Depths:3)
  A spectral shard shrike (Crypt:3)
  Jorgrun (D:15)
  An Ice Fiend (D:11)
  22 tentacled monstrosities
  27 Orb Guardians
  Asterion (Orc:2)
  5 liches
  A walking frostbound tome (Depths:3)
  4 deep elf blademasters (Elf:3)
  Grunn (Zot:4)
  4 quicksilver dragons
  3 titans
  2 deep elf master archers (Elf:3)
  6 ancient champions
  An Executioner (Depths:4)
  7 sphinxes
  The ghost of surr the Brawler, an adept TrDe of Okawaru (Snake:1)
  6 shadow dragons
  Agnes (D:15)
  A thorn hunter (Swamp:3)
  3 death cobs
  The ghost of Ofax the Covert, an adept VSFi of Uskayaw (Snake:3)
  Kirke (Lair:4)
  7 tengu reavers
  Donald (Vaults:2)
  14 storm dragons
  4 revenants
  4 nagarajas
  3 draconian monks
  3 draconian knights
  8 frost giants
  6 fire giants
  4 deep elf sorcerers
  16 vault wardens
  A draconian scorcher (Zot:5)
  A draconian shifter (Zot:4)
  3 deep elf elementalists
  A ghost moth (Zot:5)
  2 cacodemons (Vaults:3)
  10 ghouls
  A reaper (Crypt:2)
  5 orc warlords
  2 draconian stormcallers (Depths:4)
  4 balrugs (Depths:3)
  A caustic shrike zombie (Crypt:2)
  3 curse skulls
  4 war gargoyles
  40 very ugly things
  8 ironbound thunderhulks
  The ghost of Ciotsan the Gelid, an adept FeIE of Vehumet (Vaults:3)
  2 draconian annihilators (Zot:4)
  22 ironbound preservers
  3 deep elf demonologists
  A demonspawn corrupter (Zot:5)
  Nessos (D:14)
  18 stone giants
  A caustic shrike skeleton (Crypt:2)
  3 green draconians
  3 eleionomae
  A juggernaut skeleton (Depths:1)
  A spectral titan (Crypt:3)
  8 white draconians
  Azrael (D:15)
  5 red draconians
  4 black draconians
  5 vampire knights
  11 deep elf annihilators
  6 eidola
  2 purple draconians
  4 yellow draconians
  7 dire elephants
  8 spark wasps
  4 bunyips
  The ghost of steamdo11 the Spry, a journeyman FeSu of Gozag (Snake:2)
  7 deep elf death magi
  An acid blob zombie (Crypt:3)
  2 crystal guardians (Vaults:3)
  A green death (Depths:2)
  10 ettins
  12 fire dragons
  7 jiangshi
  A merfolk javelineer (Depths:2)
  A shambling mangrove (Swamp:3)
  8 deep elf high priests
  10 yaktaur captains
  4 entropy weavers
  Josephine (D:15)
  A quicksilver dragon skeleton (Crypt:3)
  A quicksilver dragon zombie (Crypt:3)
  An ice dragon (shapeshifter) (Vaults:5)
  23 hydras
  25 vault guards
  3 great orbs of eyes
  Harold (Orc:1)
  A rakshasa (Depths:2)
  4 centaur warriors
  A ghost crab (Swamp:3)
  7 ice dragons
  4 spriggan air magi
  2 peacekeepers
  A catoblepas (Lair:2)
  6 ironbound frosthearts
  5 salamander tyrants (Snake:4)
  An ogre mage (Vaults:5)
  Erica (D:11)
  29 dancing weapons
  9 anacondas
  5 two-headed ogres
  6 deep troll earth magi
  19 naga warriors
  3 boulder beetles
  8 alligators
  13 death yaks
  8 tengu warriors
  8 deep troll shamans
  A bennu skeleton (Crypt:1)
  4 orc high priests (Orc:2)
  4 vampire magi
  12 shock serpents
  16 naga sharpshooters
  12 hell knights
  A shock serpent (shapeshifter) (D:13)
  6 spriggan berserkers
  22 deep elf knights
  4 soul eaters
  2 sun demons
  Sonja (Orc:2)
  Amaemon (Lair:2)
  5 salamander mystics
  A sixfirhy (Depths:2)
  20 shadow wraiths (Crypt:3)
  2 skysharks
  An iron giant zombie (Crypt:2)
  Lodul (D:11)
  5 spriggan druids
  6 goliath frogs
  2 large abominations (Elf:1)
  37 deep trolls
  A golden dragon zombie (Crypt:3)
  19 skeletal warriors
  8 iron trolls
  5 flayed ghosts
  9 naga ritualists
  A spriggan simulacrum (Crypt:2)
  5 glowing orange brains
  15 swamp dragons
  7 deep elf archers
  A shadow demon (Zot:5)
  8 bog bodies
  18 ironbound convokers
  10 necromancers
  6 lindwurms
  5 wizards
  A sphinx zombie (Vaults:5)
  A shadow dragon zombie (Vaults:5)
  18 phantasmal warriors
  36 deep elf zephyrmancers
  21 salamanders
  24 deep elf pyromancers
  2 oklob plants (Lair:4)
  22 orc knights
  53 ugly things
  10 mana vipers
  A tengu skeleton (Vaults:5)
  9 orc sorcerers
  3 will-o-the-wisps
  A goliath frog skeleton (Crypt:1)
  A draconian zombie (Crypt:2)
  22 moths of wrath
  A stone giant skeleton (Depths:1)
  8 cyclopes
  7 manticores
  15 naga magi
  An iron dragon skeleton (Crypt:2)
  An ice statue (IceCv)
  3 elephants (Lair:3)
  34 black mambas
  A dire elephant zombie (Crypt:2)
  An eleionoma skeleton (Crypt:1)
  An alligator snapping turtle zombie (Crypt:2)
  4 guardian serpents
  11 vault sentinels
  A gargoyle (D:14)
  Maurice (D:9)
  3 smoke demons (Depths:3)
  2 orange demons
  7 komodo dragons
  20 cane toads
  An unseen horror zombie (Crypt:2)
  6 rime drakes
  9 freezing wraiths
  2 unseen horrors
  2 efreet
  A rime drake (shapeshifter) (Vaults:3)
  22 yaktaurs
  2 ice devils
  A yaktaur skeleton (Vaults:5)
  5 tengu conjurers
  A green draconian skeleton (Crypt:1)
  A black draconian skeleton (Crypt:2)
  A catoblepas skeleton (Crypt:3)
  A red devil (Depths:2)
  4 bloated husks
  6 meliai
  3 trolls
  9 polar bears
  A tarantella (shapeshifter) (Vaults:3)
  A moth of wrath zombie (Crypt:1)
  A hellwing (Depths:2)
  9 hornets
  6 tyrant leeches
  15 blink frogs
  2 sphinx simulacra
  A blink frog (shapeshifter) (D:9)
  A jumping spider zombie (Crypt:2)
  Prince Ribbit (D:7)
  A satyr zombie (Crypt:1)
  15 flying skulls
  A ynoxinul (Depths:2)
  2 air elementals (Elf:3)
  Sigmund (D:2)
  11 wraiths
  26 slime creatures
  11 spriggans
  15 shadows
  10 wyverns
  49 yaks
  24 fire elementals
  A human (shapeshifter) (D:14)
  12 water elementals
  2 humans (Lair:4)
  A golden eye (shapeshifter) (Vaults:3)
  3 basilisks
  4 hogs (Lair:4)
  2 redbacks (Vaults:3)
  15 vampire mosquitoes
  A steam dragon (Lair:2)
  A chaos spawn (D:5)
  3 wargs
  A swamp worm (shapeshifter) (Vaults:3)
  18 swamp worms
  2 acid dragons (shapeshifter)
  43 nagas
  10 water moccasins
  An acid dragon (D:11)
  5 hell hounds
  Duvessa (D:5)
  A floating eye (Depths:1)
  An ice beast (shapeshifter) (Vaults:3)
  27 orc warriors
  17 swamp drakes
  2 ice beasts
  3 black bears
  4 boggarts (D:15)
  9 ogres
  A dream sheep zombie (Crypt:2)
  A manticore zombie (Crypt:2)
  A snapping turtle skeleton (Crypt:3)
  16 wolves
  17 centaurs
  A phantom (D:6)
  2 kobold brigands
  A salamander zombie (Crypt:3)
  18 bullfrogs
  4 scorpions
  2 gnoll sergeants
  An earth elemental (Elf:1)
  3 necrophages (Crypt:2)
  Dowan (D:5)
  5 wights (D:10)
  A small abomination (D:5)
  6 killer bees (D:9)
  A queen bee zombie (Crypt:1)
  A polar bear skeleton (Crypt:2)
  2 howler monkeys (shapeshifter)
  4 electric eels
  6 howler monkeys
  A centaur zombie (Crypt:2)
  A gnoll bouda (D:8)
  6 jellies
  4 hounds
  16 orc priests
  Crazy Yiuf (D:3)
  Terence (D:2)
  32 orc wizards
  3 sleepcaps (D:5)
  2 iguanas
  An acid dragon zombie (Crypt:1)
  10 mummies
  10 adders
  20 gnolls
  An adder (shapeshifter) (Vaults:3)
  A river rat (D:6)
  A shadow imp (D:7)
  A white imp (Vaults:1)
  2 ufetubi (D:7)
  2 worms
  2 dart slugs
  78 orcs
  10 ball pythons
  9 endoplasms
  2 giant cockroaches (D:6)
  3 gnoll zombies (Ossuary)
  5 goblins
  2 hobgoblins
  9 jackals
  20 kobolds
  A quokka (shapeshifter) (Vaults:3)
  6 quokkas
  2 bats
  10 frilled lizards
  A gnoll skeleton (Crypt:3)
  2 hobgoblin zombies (Ossuary)
  3 kobold zombies (Ossuary)
  An orc zombie (Crypt:1)
  12 rats
  A butterfly (Lair:1)
2181 creatures vanquished.

Vanquished Creatures (collateral kills)
  A hydra (D:11)
  A water moccasin (Lair:2)
  An orc warrior (Snake:3)
  2 orcs (Snake:3)
5 creatures vanquished.

Vanquished Creatures (others)
  A storm dragon (Depths:4)
  A fire giant (Depths:4)
  A dancing weapon (Elf:3)
  A deep elf pyromancer (Elf:1)
  A swamp worm (Swamp:4)
  2 orc wizards (Orc:2)
  A bush (Lair:4)
  43 foxfires
  31 fungi
  117 plants
199 creatures vanquished.

Grand Total: 2385 creatures vanquished

Notes
Turn   | Place    | Note
-------+----------+-------------------------------------------
     0 | D:1      | Ge0ff the Ogre Cinder Acolyte began the quest for the Orb.
     0 | D:1      | Reached XP level 1. HP: 24/24 MP: 2/2
   181 | D:1      | Reached skill level 1 in Stealth
   226 | D:1      | Reached XP level 2. HP: 30/32 MP: 2/4
   264 | D:1      | Learned a level 2 spell: Scorch
  1025 | D:2      | Noticed a scorpion
  1032 | D:2      | Identified the +3 pair of gloves of the Trees {Regen+
                  | Str+2}
  1042 | D:2      | Killed a scorpion
  1043 | D:2      | Reached XP level 3. HP: 38/39 MP: 1/6
  1043 | D:2      | Reached XP level 4. HP: 47/48 MP: 1/7
  1498 | D:2      | Reached XP level 5. HP: 51/54 MP: 3/9
  1692 | D:2      | Noticed Sigmund
  1706 | D:2      | Killed Sigmund
  1707 | D:2      | Reached skill level 5 in Fire Magic
  1707 | D:2      | Reached XP level 6. HP: 60/62 MP: 1/10
  1707 | D:2      | Noticed Terence
  1725 | D:2      | Identified the +4 robe of the Dwarven Hall {Dex+6}
  1808 | D:2      | Killed Terence
  2808 | D:3      | Found a runed translucent door.
  2809 | D:3      | Noticed Crazy Yiuf
  2816 | D:3      | Killed Crazy Yiuf
  3139 | D:3      | Reached XP level 7. HP: 70/70 MP: 5/12
  3994 | D:4      | Found a staircase to the Ecumenical Temple.
  4008 | D:4      | Found Zin's Purification Station.
  4020 | Temple   | Entered the Ecumenical Temple
  4164 | D:4      | Found a glowing silver altar of Zin.
  4405 | D:4      | Found a glowing golden altar of the Shining One.
  4757 | D:4      | Found a sacrificial altar of Ru.
  5022 | D:5      | Entered Level 5 of the Dungeon
  5250 | D:5      | Found a shimmering blue altar of Sif Muna.
  5254 | D:5      | Found an opulent altar of Gozag.
  5359 | D:5      | Reached XP level 8. HP: 54/78 MP: 5/14
  5624 | D:5      | Found a sparkling altar of Nemelex Xobeh.
  5627 | D:5      | Noticed Duvessa
  5628 | D:5      | Noticed Dowan
  5636 | D:5      | Killed Dowan
  5639 | D:5      | Killed Duvessa
  5640 | D:5      | Reached skill level 5 in Spellcasting
  5716 | D:5      | Identified the +9 sling of Incongruity {drain, rC+ Dex+4
                  | Stlth+}
  5718 | D:5      | hmmmmmmmmmmmm
  5738 | D:5      | Found a shadowy altar of Dithmenos.
  5773 | D:5      | Found a hide-covered altar of Uskayaw.
  6061 | D:6      | Reached skill level 1 in Ranged Weapons
  6184 | D:6      | Found a glowing drain.
  6291 | Sewer    | Entered a sewer
  7348 | D:7      | Reached XP level 9. HP: 84/84 MP: 16/16
  7518 | D:7      | Identified the +7 flail of Gety {flame, rN+ Str+2}
  7532 | D:7      | Reached skill level 5 in Ranged Weapons
  7684 | D:7      | Found a white marble altar of Elyvilon.
  7747 | D:7      | Noticed Prince Ribbit
  7750 | D:7      | Killed Prince Ribbit
  7985 | D:7      | Noticed a cyclops
  7990 | D:7      | Killed a cyclops
  7992 | D:7      | not OP sling at all
  8437 | D:8      | Found a sand-covered staircase.
  8441 | Ossuary  | Entered an ossuary
  8686 | D:8      | Identified a scroll of acquirement
  8687 | D:8      | Acquired the Notes on Flashy Abhorrent Rituals
  8695 | D:8      | Learned a level 5 spell: Irradiate
  8752 | D:8      | Found a basalt altar of Yredelemnul.
  8760 | D:8      | Reached XP level 10. HP: 64/92 MP: 17/17
  9379 | D:8      | Found Fumn's CLEARANCE SALE!.
  9393 | D:8      | Bought an amulet of guardian spirit for 120 gold pieces
  9515 | D:8      | Found a staircase to the Lair.
  9558 | D:9      | Noticed Maurice
  9564 | D:9      | Killed Maurice
  9583 | D:9      | Noticed a purple ugly thing
  9592 | D:9      | Killed a purple ugly thing
  9593 | D:9      | Reached skill level 10 in Ranged Weapons
  9694 | D:9      | Reached XP level 11. HP: 34/100 MP: 2/18
 10240 | D:9      | Noticed a manticore
 10240 | D:9      | Noticed a brown ugly thing
 10245 | D:9      | Killed a manticore
 10247 | D:9      | Killed a brown ugly thing
 10272 | D:9      | Noticed a lindwurm
 10396 | D:9      | Noticed a mana viper
 10440 | D:9      | Noticed a centaur warrior
 10545 | D:9      | Reached skill level 1 in Evocations
 10579 | D:9      | Killed a centaur warrior
 11167 | D:9      | Found a staircase to the Orcish Mines.
 11305 | D:9      | Noticed a two-headed ogre
 11313 | D:9      | Killed a two-headed ogre
 11590 | D:9      | Found an ornate altar of the Wu Jian Council.
 11805 | D:10     | Entered Level 10 of the Dungeon
 11872 | D:10     | Noticed a seven-headed hydra
 11873 | D:10     | Found a transporter.
 11873 | D:10     | Noticed a cyclops
 11874 | D:10     | Noticed a purple ugly thing
 11875 | D:10     | Noticed a tengu warrior
 11877 | D:10     | Noticed a glowing orange brain
 11877 | D:10     | Noticed a boulder beetle
 11891 | D:10     | Found a transporter.
 12215 | D:10     | Found an iron altar of Okawaru.
 12563 | D:10     | Noticed a two-headed ogre
 12576 | D:10     | Killed a two-headed ogre
 12939 | D:11     | Noticed a seven-headed hydra
 12944 | D:11     | Killed a seven-headed hydra
 12945 | D:11     | Reached skill level 1 in Armour
 12945 | D:11     | Reached XP level 12. HP: 88/107 MP: 19/19
 13022 | D:11     | You fall into a shaft and drop 3 floors!
 13137 | D:14     | Noticed Rupert
 13215 | D:13     | Noticed a centaur warrior
 13241 | D:13     | a shapeshifter changed into a shock serpent
 13241 | D:13     | Noticed a shock serpent (shapeshifter)
 13254 | D:13     | Killed a shock serpent
 13885 | D:12     | Noticed a two-headed ogre
 13900 | D:12     | Killed a two-headed ogre
 13939 | D:11     | Identified the ring "Mauhiz" {rElec rF+}
 14053 | D:11     | Found a broken altar of Ashenzari.
 14156 | D:11     | Noticed Lodul
 14163 | D:11     | Noticed Erica
 14258 | D:11     | Killed Erica
 14423 | D:11     | Killed Lodul
 15997 | Lair:1   | Entered Level 1 of the Lair of Beasts
 16148 | Lair:1   | Reached skill level 5 in Fighting
 16380 | Lair:1   | Reached skill level 1 in Shields
 16380 | Lair:1   | Reached XP level 13. HP: 118/118 MP: 20/20
 16762 | Lair:2   | Found a frozen archway.
 16787 | Lair:2   | Noticed Amaemon
 16797 | Lair:2   | Killed Amaemon
 16939 | IceCv    | Entered an ice cave
 17810 | IceCv    | Reached skill level 5 in Armour
 18317 | IceCv    | Noticed a frost giant
 18356 | IceCv    | Killed a frost giant
 18357 | IceCv    | Reached skill level 10 in Fighting
 18785 | Lair:2   | Found a staircase to the Snake Pit.
 18879 | Lair:2   | Found a shimmering blue altar of Sif Muna.
 18952 | Lair:2   | Reached skill level 1 in Conjurations
 18952 | Lair:2   | Reached skill level 1 in Transmutations
 18952 | Lair:2   | Reached XP level 14. HP: 144/144 MP: 21/21
 18985 | Lair:2   | Reached skill level 1 in Throwing
 19293 | Lair:2   | Reached skill level 1 in Dodging
 19304 | Lair:2   | Found a staircase to the Swamp.
 20490 | D:10     | Fell from the grace of Ignis
 20490 | D:10     | Became a worshipper of Warmaster Okawaru
 20617 | Lair:4   | Noticed Kirke
 20629 | Lair:4   | Killed Kirke
 20665 | Lair:4   | Reached * piety under Okawaru
 20905 | Lair:4   | Reached ** piety under Okawaru
 21420 | Lair:4   | Found a runed translucent door.
 21421 | Lair:4   | Found a staircase to the Slime Pits.
 21785 | Lair:4   | Found a blossoming altar of Fedhas.
 21968 | Lair:5   | Entered Level 5 of the Lair of Beasts
 21988 | Lair:5   | Reached *** piety under Okawaru
 22297 | Lair:5   | Reached **** piety under Okawaru
 22718 | Lair:5   | Reached XP level 15. HP: 106/154 MP: 15/24
 23047 | Lair:5   | Identified the ring of Fun {Wiz MP+9 Int+3 Dex+5}
 23156 | Lair:5   | Reached skill level 5 in Conjurations
 23394 | Lair:5   | Reached skill level 5 in Transmutations
 23497 | Lair:5   | Was forgiven by Ignis
 24180 | D:10     | Reached ***** piety under Okawaru
 24187 | D:10     | Received a gift from Okawaru
 24316 | D:10     | Identified the +10 dagger "Baen" {flame, rPois rN+++ Str-3}
 24463 | Orc:1    | Entered Level 1 of the Orcish Mines
 24962 | Orc:1    | Noticed Harold
 24973 | Orc:1    | Killed Harold
 25138 | Orc:2    | Entered Level 2 of the Orcish Mines
 25388 | Orc:2    | Noticed Sonja
 25395 | Orc:2    | Killed Sonja
 25935 | Orc:2    | Received a gift from Okawaru
 26237 | Orc:2    | Found a staircase to the Elven Halls.
 26514 | Orc:2    | Found Anke's Weapon Shop.
 26528 | Orc:2    | Found Unitiuwy's Assorted Antiques.
 26585 | Orc:2    | Found Sofilol's Magic Scroll Shoppe.
 26587 | Orc:2    | Found Imna's Distillery.
 26631 | Orc:2    | Bought a potion of heal wounds for 80 gold pieces
 26994 | D:13     | Identified the +4 hat of Okawaru's Hope {rC++ rN+ Int-3}
                  | (Okawaru gifted it to you on level 13 of the Dungeon)
 26994 | D:13     | Received a gift from Okawaru
 27991 | D:14     | Noticed Nessos
 28001 | D:14     | Killed Nessos
 28176 | D:14     | Reached XP level 16. HP: 158/163 MP: 25/25
 28435 | D:14     | Killed Rupert
 28524 | D:14     | Found a gate to the Vaults.
 28559 | D:15     | Entered Level 15 of the Dungeon
 28701 | D:15     | Noticed Jorgrun
 28714 | D:15     | Killed Jorgrun
 28769 | D:15     | Noticed Agnes
 28783 | D:15     | Killed Agnes
 28796 | D:15     | Noticed Azrael
 28898 | D:15     | Killed Azrael
 29119 | D:15     | Identified the +0 kite shield of Feasting {Will+ Dex+3}
                  | (Okawaru gifted it to you on level 15 of the Dungeon)
 29119 | D:15     | Received a gift from Okawaru
 29355 | D:15     | Found a staircase to the Depths.
 29481 | D:15     | Noticed Josephine
 29492 | D:15     | Killed Josephine
 29836 | Swamp:1  | Entered Level 1 of the Swamp
 29888 | Swamp:1  | Reached skill level 10 in Conjurations
 30102 | Swamp:1  | Reached skill level 10 in Transmutations
 30404 | Swamp:1  | Identified the ring "Xyifufia" {MP+9 Dex+5 Stlth+}
 30418 | Swamp:1  | Reached skill level 1 in Invocations
 31867 | Swamp:3  | Received a gift from Okawaru
 31943 | Swamp:3  | Noticed a thorn hunter
 31955 | Swamp:3  | Killed a thorn hunter
 31956 | Swamp:3  | Reached XP level 17. HP: 141/172 MP: 27/27
 32071 | Swamp:3  | Received a gift from Okawaru
 32191 | Swamp:3  | Reached ****** piety under Okawaru
 32877 | Swamp:4  | Entered Level 4 of the Swamp
 33198 | Swamp:4  | Reached skill level 5 in Evocations
 33299 | Swamp:4  | Received a gift from Okawaru
 33746 | Swamp:4  | Noticed the 27-headed Lernaean hydra
 33763 | Swamp:4  | Killed the 27-headed Lernaean hydra
 33764 | Swamp:4  | Reached skill level 5 in Shields
 34375 | Swamp:4  | Got a decaying rune of Zot
 34777 | Snake:1  | Entered Level 1 of the Snake Pit
 34939 | Snake:1  | Reached skill level 5 in Throwing
 35188 | Snake:1  | Found a transporter.
 35204 | Snake:1  | Noticed surr's ghost (adept TrDe)
 35205 | Snake:1  | Found a bloodstained altar of Trog.
 35316 | Snake:1  | Found a transporter.
 35317 | Snake:1  | Identified the ring "Toecve Musm" {rCorr Str+3 Int+3 SInv}
 35838 | Snake:1  | Found a snail-covered altar of Cheibriados.
 36247 | Snake:1  | Received a gift from Okawaru
 36905 | Snake:1  | Killed surr's ghost
 36906 | Snake:1  | Reached skill level 5 in Dodging
 37406 | Snake:1  | Reached XP level 18. HP: 76/184 MP: 5/30
 38017 | Snake:2  | Received a gift from Okawaru
 38506 | Snake:2  | Found a runed translucent gate.
 38506 | Snake:2  | Found a runed translucent gate.
 38507 | Snake:2  | Found a runed translucent gate.
 38509 | Snake:2  | Noticed steamdo11's ghost (journeyman FeSu)
 38559 | Snake:2  | Found Tuawul's Self-Improvement Boutique.
 38581 | Snake:2  | Bought a manual of Armour for 1200 gold pieces
 38723 | Snake:2  | Killed steamdo11's ghost
 38951 | Snake:3  | Found a runed translucent gate.
 38951 | Snake:3  | Found a runed translucent gate.
 38951 | Snake:3  | Found a runed translucent gate.
 39033 | Snake:3  | Noticed Ofax's ghost (adept VSFi)
 39087 | Snake:3  | Noticed Vashnia
 39332 | Snake:3  | Killed Vashnia
 40105 | Snake:3  | Noticed Saint Roka
 40180 | Snake:3  | Killed Saint Roka
 40579 | Snake:3  | Identified the +2 robe of the Lizard {+Blink rC- Str+2}
 40804 | Snake:4  | Entered Level 4 of the Snake Pit
 40840 | Snake:4  | Received a gift from Okawaru
 41075 | Snake:4  | Reached skill level 5 in Invocations
 41089 | Snake:4  | Gained mutation: Armour fits poorly on your strangely
                  | shaped body. [mutagenic glow]
 41383 | Snake:3  | Killed Ofax's ghost
 41526 | Snake:3  | Identified the staff of conjuration "Feav" {rC++ Will+
                  | Stlth-}
 41939 | Snake:3  | Gained mutation: Your body sometimes deteriorates upon
                  | taking damage. [mutagenic glow]
 42271 | Snake:4  | Identified the +0 hat "Poczybro" {Rampage} (Okawaru gifted
                  | it to you on level 4 of the Snake Pit)
 42271 | Snake:4  | Received a gift from Okawaru
 42309 | Snake:3  | Learned a level 5 spell: Yara's Violent Unravelling
 42312 | Snake:3  | Learned a level 2 spell: Passwall
 42618 | Snake:4  | Reached skill level 1 in Hexes
 43015 | Snake:4  | Reached skill level 10 in Spellcasting
 43365 | Snake:4  | Reached XP level 19. HP: 181/193 MP: 33/33
 44324 | Snake:4  | Reached skill level 5 in Hexes
 44817 | Snake:4  | Got a serpentine rune of Zot
 45672 | Elf:1    | Entered Level 1 of the Elven Halls
 45764 | Elf:1    | Noticed Asterion
 45938 | Orc:2    | Killed Asterion
 46138 | Elf:1    | Reached skill level 1 in Earth Magic
 46260 | Elf:1    | Found Zintal's Antique Weapon Shop.
 46933 | Elf:1    | Received a gift from Okawaru
 47029 | Elf:1    | Got the Excursus on Zombies
 47832 | Elf:2    | Found a runed translucent gate.
 47833 | Elf:2    | Found a runed translucent gate.
 47838 | Elf:2    | Found a runed translucent gate.
 48050 | Elf:2    | Received a gift from Okawaru
 48331 | Elf:2    | Gained mutation: You are weak. (Str -2) [mutagenic glow]
 48644 | Elf:2    | Reached XP level 20. HP: 192/206 MP: 34/34
 48921 | Elf:3    | Entered Level 3 of the Elven Halls
 49028 | Elf:3    | Identified the +2 robe of Zeobrav {Dex+2} (Okawaru gifted
                  | it to you on level 3 of the Elven Halls)
 49028 | Elf:3    | Received a gift from Okawaru
 49762 | Elf:3    | Reached skill level 10 in Armour
 49821 | Elf:3    | Identified the +6 quarterstaff of Xotely {flame, *Noise
                  | Will+++ Str+5}
 49821 | Elf:3    | Found the ring of the Octopus King {rCorr HP+2 AC+2 EV+2
                  | SH+2}
 50085 | Elf:3    | Reached skill level 15 in Ranged Weapons
 50342 | Elf:3    | Paralysed by an air elemental for 1 turns
 50856 | Elf:2    | Lost mutation: You are weak. (Str -2) [potion of mutation]
 50856 | Elf:2    | Lost mutation: Armour fits poorly on your strangely shaped
                  | body. [potion of mutation]
 50856 | Elf:2    | Lost mutation: Your body sometimes deteriorates upon taking
                  | damage. [potion of mutation]
 50856 | Elf:2    | Gained mutation: You expend magic power (3 MP) to
                  | strengthen your wands. [potion of mutation]
 50856 | Elf:2    | Gained mutation: You are weak. (Str -2) [potion of
                  | mutation]
 50856 | Elf:2    | Gained mutation: You have a pair of small antennae on your
                  | head. [potion of mutation]
 51488 | Elf:3    | Identified the +0 shadow dragon scales of the Tired Priests
                  | {rF+ rN+ Dex+2 Stlth++++}
 51868 | Elf:3    | Identified the +5 kite shield of Kikubaaqudgha {rN++ rCorr
                  | Str+2}
 51869 | Elf:3    | Identified the +2 great mace of Enosal {vamp, rF+}
 52171 | Elf:3    | Received a gift from Okawaru
 52300 | Elf:3    | Identified the +5 demon blade of the Thirsty Mice {pain,
                  | rC+ Will+}
 52442 | Elf:3    | Identified the +1 helmet of Pommiul {Str+5 Dex+6}
 52451 | Elf:3    | Got the Opusculum on Bombardment
 52467 | Elf:3    | Learned a level 1 spell: Apportation
 52473 | Elf:3    | Identified the staff of earth "Jipsifra" {rElec MP+9}
 52485 | Elf:3    | Got the Spellbook of Virous Nightshade
 52991 | Vaults:1 | Entered Level 1 of the Vaults
 53007 | D:14     | Identified the +1 robe of the Wary Knives {Regen+ Dex+2
                  | Slay+2} (Okawaru gifted it to you on level 14 of the
                  | Dungeon)
 53007 | D:14     | Received a gift from Okawaru
 53931 | Vaults:1 | Reached skill level 15 in Fighting
 53943 | Vaults:1 | Reached XP level 21. HP: 197/218 MP: 35/35
 54597 | Vaults:2 | Noticed Donald
 54606 | Vaults:2 | Killed Donald
 54783 | Vaults:2 | Found a staircase to the Crypt.
 55177 | Vaults:2 | Noticed Margery
 55193 | Vaults:2 | Killed Margery
 55613 | Vaults:2 | Identified the +2 hat of Twilight {Drain Will+ SInv}
                  | (Okawaru gifted it to you on level 2 of the Vaults)
 55613 | Vaults:2 | Received a gift from Okawaru
 56118 | Vaults:2 | Found Oleumeg's General Store.
 56126 | Vaults:2 | Bought a scroll of immolation for 76 gold pieces
 56126 | Vaults:2 | Bought a potion of curing for 57 gold pieces
 56225 | Vaults:3 | Found Uneames's Antique Armour Shop.
 56596 | Vaults:3 | Found a runed translucent gate.
 56596 | Vaults:3 | Found a runed translucent gate.
 56596 | Vaults:3 | Found a runed translucent gate.
 56896 | Vaults:3 | Found Ihub's General Store.
 57078 | Vaults:3 | Bought a scroll of immolation for 84 gold pieces
 57215 | Vaults:3 | Noticed Jory
 57216 | Vaults:3 | Found Degahujo's Antique Weapon Boutique.
 57344 | Vaults:3 | Found Cusabul's Antique Armour Emporium.
 57352 | Vaults:3 | Bought a spiked cloak for 285 gold pieces
 57352 | Vaults:3 | Identified the +2 cloak of Cheibriados's Esteem {-Tele
                  | rPois Dex+4} (You bought it in a shop on level 3 of the
                  | Vaults)
 57887 | Vaults:3 | Identified the +6 short sword "Emylo" {flame, rC+}
 57985 | Vaults:3 | Noticed Frederick
 58190 | Vaults:3 | Killed Frederick
 58396 | Vaults:3 | Killed Jory
 58402 | Vaults:3 | Gained mutation: You passively map a small area around you.
                  | [mutagenic glow]
 58761 | Vaults:3 | Found Heulaelucu's Magic Scroll Boutique.
 58941 | Vaults:3 | Bought a scroll of acquirement for 780 gold pieces
 58941 | Vaults:3 | Bought a scroll of acquirement for 780 gold pieces
 58941 | Vaults:3 | Acquired 867 gold pieces
 58942 | Vaults:3 | Acquired 927 gold pieces
 59225 | Vaults:3 | Identified the +0 glaive "Rethaq" {heavy, Dex+9} (Okawaru
                  | gifted it to you on level 3 of the Vaults)
 59225 | Vaults:3 | Received a gift from Okawaru
 59336 | Vaults:3 | Found a runed translucent gate.
 59336 | Vaults:3 | Found a runed translucent gate.
 59345 | Vaults:3 | Noticed Ciotsan's ghost (adept FeIE)
 59354 | Vaults:3 | Found a runed translucent gate.
 59368 | Vaults:3 | Killed Ciotsan's ghost
 59369 | Vaults:3 | Reached XP level 22. HP: 230/230 MP: 37/37
 59382 | Vaults:3 | Identified the +0 pair of gloves of Mumblety Peg {rCorr
                  | Int+2 Dex-4} (You found it on level 3 of the Vaults)
 60256 | Vaults:4 | Learned a level 7 spell: Enfeeble
 60730 | Vaults:4 | Identified the +0 robe of the Volcano {Drain rN+ rCorr
                  | Int+5} (Okawaru gifted it to you on level 4 of the Vaults)
 60730 | Vaults:4 | Received a gift from Okawaru
 61637 | Vaults:4 | Reached skill level 10 in Hexes
 61873 | Vaults:4 | Reached skill level 10 in Invocations
 62134 | Crypt:1  | Entered Level 1 of the Crypt
 63139 | Crypt:1  | Found a runed translucent door.
 63139 | Crypt:1  | Found a shimmering altar of Xom.
 63139 | Crypt:1  | Noticed Owosan's ghost (veteran GnHW)
 63148 | Crypt:1  | Learned a level 5 spell: Silence
 63397 | Crypt:1  | Killed Owosan's ghost
 63397 | Crypt:1  | Identified the +0 robe of the Orange {*Corrode rC++ Will+
                  | Str+2} (Okawaru gifted it to you on level 1 of the Crypt)
 63397 | Crypt:1  | Received a gift from Okawaru
 63602 | Crypt:2  | Noticed a royal mummy
 63602 | Crypt:2  | Noticed Khufu
 63630 | Arena    | Entered the Arena
 63637 | Arena    | Killed Khufu
 63726 | Crypt:2  | Killed a royal mummy
 64347 | Crypt:2  | Reached XP level 23. HP: 224/238 MP: 21/38
 64526 | Crypt:2  | Noticed Xtahua
 64536 | Crypt:2  | Killed Xtahua
 65058 | Arena    | Entered the Arena
 65862 | Crypt:3  | Entered Level 3 of the Crypt
 66006 | Crypt:3  | Noticed Vv
 66826 | Crypt:3  | Found a staircase to the Tomb.
 67205 | Crypt:3  | Received a gift from Okawaru
 67397 | Crypt:3  | Reached skill level 10 in Dodging
 67774 | Crypt:3  | Found a basalt altar of Yredelemnul.
 68143 | Crypt:3  | Identified the staff of cold "Gyceicehyz" {rC+ Will++ Str+2
                  | Int-2 Dex+5}
 68161 | Crypt:3  | Identified the +4 dagger "Tuumome" {venom, Str-4 Dex+4}
 69275 | Crypt:3  | Killed Vv
 69741 | Depths:1 | Entered Level 1 of the Depths
 70131 | Depths:1 | Found Nuohotum's Antique Armour Shoppe.
 70151 | Depths:1 | Found a one-way gateway to a ziggurat.
 70386 | Depths:1 | Identified the +0 tower shield of Roam {rF+ rC+ rN+ Dex+4}
                  | (Okawaru gifted it to you on level 1 of the Depths)
 70386 | Depths:1 | Received a gift from Okawaru
 70647 | Depths:1 | Noticed a juggernaut
 70663 | Depths:1 | Killed a juggernaut
 70664 | Depths:1 | Reached XP level 24. HP: 226/253 MP: 31/39
 70844 | Depths:1 | Noticed a caustic shrike
 70854 | Depths:1 | Killed a caustic shrike
 71329 | Depths:1 | Reached skill level 10 in Evocations
 71589 | Depths:1 | Got the Anthology of Arenous Flame
 71977 | Depths:1 | Found a gateway to Hell.
 72156 | Depths:2 | Identified the +7 scimitar of Cobwebs {pain, rF+ rC- rCorr}
 72163 | Depths:2 | Found a shimmering blue altar of Sif Muna.
 73148 | Depths:2 | Identified the +8 battleaxe "Pudefywk" {vamp, rN+ Dex+2}
 73253 | Depths:2 | Received a gift from Okawaru
 73297 | Depths:2 | Received a gift from Okawaru
 73972 | Depths:2 | Found a one-way gate leading to the halls of Pandemonium.
 74015 | Depths:2 | Found Jec Lele's Antique Armour Shop.
 74293 | Depths:3 | Reached skill level 10 in Shields
 74596 | Depths:3 | Received a gift from Okawaru
 74664 | Depths:3 | Found a one-way gate to the infinite horrors of the Abyss.
 75172 | Depths:3 | Identified the -2 cloak of the Pleiades {+Blink Dex+2}
                  | (Okawaru gifted it to you on level 3 of the Depths)
 75172 | Depths:3 | Received a gift from Okawaru
 75499 | Depths:3 | Identified the +4 falchion "Ogre's Regret" {freeze, Dex+4
                  | SInv}
 75692 | Depths:4 | Entered Level 4 of the Depths
 75915 | Depths:4 | Reached XP level 25. HP: 170/266 MP: 30/39
 76613 | Depths:4 | Found a snail-covered altar of Cheibriados.
 76806 | Depths:4 | Found Zoecw's Book Shoppe.
 76806 | Depths:4 | Found Fojuiteu's Jewellery Boutique.
 76833 | Depths:4 | Found Momoet's Jewellery Boutique.
 77486 | Depths:4 | Found a snail-covered altar of Cheibriados.
 77823 | Depths:4 | Found Momoet's Jewellery Boutique.
 77824 | Depths:4 | Found Zoecw's Book Shoppe.
 77826 | Depths:4 | Found Fojuiteu's Jewellery Boutique.
 78008 | Depths:4 | Found a gate to the Realm of Zot.
 78387 | Vaults:5 | Entered Level 5 of the Vaults
 78389 | Vaults:5 | Noticed Mara
 78770 | Vaults:5 | Noticed Ge0ff's illusion
 78791 | Vaults:5 | Killed Mara
 78829 | Vaults:5 | Received a gift from Okawaru
 79164 | Vaults:5 | Received a gift from Okawaru
 79179 | Vaults:5 | Noticed an ancient lich
 79198 | Vaults:5 | Killed an ancient lich
 79399 | Vaults:5 | Received a gift from Okawaru
 79722 | Vaults:5 | Identified the +2 hat "Ruusto" {rN+ Dex+4} (Okawaru gifted
                  | it to you on level 5 of the Vaults)
 79722 | Vaults:5 | Received a gift from Okawaru
 79733 | Vaults:5 | Noticed an ancient lich
 80191 | Vaults:5 | Reached XP level 26. HP: 154/283 MP: 15/39
 80313 | Vaults:5 | an iron giant changed into a juggernaut
 80313 | Vaults:5 | Noticed a juggernaut (glowing shapeshifter)
 80315 | Vaults:5 | a juggernaut changed into a rockslime
 80323 | Vaults:5 | a titan changed into a shard shrike
 80323 | Vaults:5 | Noticed a shard shrike (glowing shapeshifter)
 80328 | Vaults:5 | Killed a shard shrike
 80670 | Vaults:5 | Reached skill level 15 in Hexes
 80763 | Vaults:5 | Found Joigad's Distillery.
 80772 | Vaults:5 | Bought a potion of curing for 60 gold pieces
 80772 | Vaults:5 | Bought a potion of haste for 200 gold pieces
 80772 | Vaults:5 | Bought a potion of heal wounds for 100 gold pieces
 80772 | Vaults:5 | Bought a potion of curing for 60 gold pieces
 80772 | Vaults:5 | Bought a potion of haste for 200 gold pieces
 80848 | Vaults:5 | Found Eneherr's Antique Armour Shoppe.
 80937 | Vaults:5 | Found Eluad's Antique Weapon Shoppe.
 80945 | Vaults:5 | Found Serumor's Distillery.
 80949 | Vaults:5 | Bought a potion of cancellation for 144 gold pieces
 80949 | Vaults:5 | Bought a potion of haste for 180 gold pieces
 80949 | Vaults:5 | Bought a potion of heal wounds for 90 gold pieces
 80949 | Vaults:5 | Bought a potion of mutation for 144 gold pieces
 80949 | Vaults:5 | Bought a potion of brilliance for 72 gold pieces
 80951 | Vaults:5 | Found Dovil's Magic Scroll Shoppe.
 80955 | Vaults:5 | Bought a scroll of vulnerability for 52 gold pieces
 80955 | Vaults:5 | Bought a scroll of poison for 52 gold pieces
 80955 | Vaults:5 | Bought a scroll of teleportation for 39 gold pieces
 80955 | Vaults:5 | Bought a scroll of poison for 52 gold pieces
 80955 | Vaults:5 | Bought a scroll of fear for 52 gold pieces
 81227 | Vaults:5 | Found Lorod's Magic Scroll Emporium.
 81227 | Vaults:5 | Found Juissu's Magic Scroll Shop.
 81239 | Vaults:5 | Killed an ancient lich
 81323 | Vaults:5 | Bought a scroll of teleportation for 36 gold pieces
 81323 | Vaults:5 | Bought 2 scrolls of fog for 96 gold pieces
 81323 | Vaults:5 | Bought a scroll of blinking for 90 gold pieces
 81323 | Vaults:5 | Bought a scroll of enchant armour for 90 gold pieces
 81323 | Vaults:5 | Bought a scroll of teleportation for 36 gold pieces
 81330 | Vaults:5 | Bought a scroll of brand weapon for 123 gold pieces
 81330 | Vaults:5 | Bought a scroll of poison for 52 gold pieces
 81330 | Vaults:5 | Bought a scroll of poison for 52 gold pieces
 81469 | Vaults:5 | Got a silver rune of Zot
 81770 | Vaults:3 | Bought a scroll of enchant weapon for 112 gold pieces
 81770 | Vaults:3 | Bought 3 scrolls of immolation for 180 gold pieces
 81770 | Vaults:3 | Bought a scroll of teleportation for 45 gold pieces
 81770 | Vaults:3 | Bought 3 scrolls of teleportation for 135 gold pieces
 82642 | Orc:2    | Bought a potion of ambrosia for 128 gold pieces
 82642 | Orc:2    | Bought a potion of curing for 48 gold pieces
 82642 | Orc:2    | Bought a potion of cancellation for 128 gold pieces
 82644 | Orc:2    | Bought a scroll of fog for 68 gold pieces
 82644 | Orc:2    | Bought a scroll of blinking for 127 gold pieces
 82644 | Orc:2    | Bought a scroll of magic mapping for 127 gold pieces
 82644 | Orc:2    | Bought a scroll of enchant armour for 127 gold pieces
 82644 | Orc:2    | Bought a scroll of blinking for 127 gold pieces
 82652 | Orc:2    | Bought a scroll of teleportation for 87 gold pieces
 82654 | Orc:2    | Bought a wand of flame (12) for 243 gold pieces
 82971 | D:4      | Bought 2 potions of curing for 180 gold pieces
 83179 | Snake:2  | Bought a manual of Stealth for 1200 gold pieces
 83615 | Zot:1    | Entered Level 1 of the Realm of Zot
 83718 | Zot:2    | You fall into a shaft and drop 2 floors!
 83825 | Zot:4    | Reached skill level 15 in Invocations
 84261 | Zot:4    | Noticed Grunn
 84274 | Zot:4    | Killed Grunn
 84433 | Zot:3    | Identified the +2 buckler of Uskayaw's Wrath {Int+4}
 86055 | Zot:4    | Identified the quicksilver dragon scales of Honour {Will+
                  | Int+2} (Okawaru gifted it to you on level 4 of the Realm of
                  | Zot)
 86055 | Zot:4    | Received a gift from Okawaru
 86265 | Zot:4    | Identified the +10 great mace of Destiny {flame, Drain rF+
                  | SInv}
 86693 | Zot:5    | Entered Level 5 of the Realm of Zot
 87376 | Zot:5    | Noticed a Killer Klown
 87401 | Zot:5    | Killed a Killer Klown
 87602 | Zot:5    | Noticed a dread lich
 87627 | Zot:5    | Killed a dread lich
 87653 | Zot:5    | Noticed an orb of fire
 87655 | Zot:5    | Gained mutation: You do not regenerate when monsters are
                  | visible. [an orb of fire]
 87664 | Zot:5    | Noticed an orb of fire
 87686 | Zot:5    | Gained mutation: You occasionally lose the ability to drink
                  | potions when taking damage. [an orb of fire]
 87686 | Zot:5    | Gained mutation: Your magical capacity is low. (-10% MP)
                  | [an orb of fire]
 87688 | Zot:5    | Gained mutation: You are vulnerable to heat. (rF-) [an orb
                  | of fire]
 87849 | Zot:4    | Lost mutation: You occasionally lose the ability to drink
                  | potions when taking damage. [potion of mutation]
 87849 | Zot:4    | Lost mutation: You do not regenerate when monsters are
                  | visible. [potion of mutation]
 87849 | Zot:4    | Gained mutation: Your body sometimes deteriorates upon
                  | taking damage. [potion of mutation]
 87849 | Zot:4    | Gained mutation: Your system is resistant to poisons.
                  | (rPois) [potion of mutation]
 87850 | Zot:4    | Lost mutation: You expend magic power (3 MP) to strengthen
                  | your wands. [potion of mutation]
 87850 | Zot:4    | Lost mutation: You passively map a small area around you.
                  | [potion of mutation]
 87851 | Zot:4    | Lost mutation: Your system is resistant to poisons. (rPois)
                  | [potion of mutation]
 87851 | Zot:4    | Lost mutation: You have a pair of small antennae on your
                  | head. [potion of mutation]
 87851 | Zot:4    | Lost mutation: You are weak. (Str -2) [potion of mutation]
 87851 | Zot:4    | Gained mutation: You are clumsy. (Dex -2) [potion of
                  | mutation]
 87851 | Zot:4    | Gained mutation: You possess an exceptional clarity of
                  | mind. [potion of mutation]
 87851 | Zot:4    | Gained mutation: Armour fits poorly on your strangely
                  | shaped body. [potion of mutation]
 87851 | Zot:4    | Gained mutation: Your movements are slightly less
                  | encumbered by armour. (ER -2) [potion of mutation]
 87852 | Zot:4    | Lost mutation: Your magical capacity is low. (-10% MP)
                  | [potion of mutation]
 87852 | Zot:4    | Lost mutation: Your movements are slightly less encumbered
                  | by armour. (ER -2) [potion of mutation]
 87852 | Zot:4    | Lost mutation: You are vulnerable to heat. (rF-) [potion of
                  | mutation]
 87852 | Zot:4    | Gained mutation: You have supernaturally acute eyesight.
                  | (SInv) [potion of mutation]
 87852 | Zot:4    | Gained mutation: Potions are less effective at restoring
                  | your health. [potion of mutation]
 87853 | Zot:4    | Lost mutation: You possess an exceptional clarity of mind.
                  | [potion of mutation]
 87853 | Zot:4    | Lost mutation: You have supernaturally acute eyesight.
                  | (SInv) [potion of mutation]
 87853 | Zot:4    | Gained mutation: You are somewhat resistant to further
                  | mutation. [potion of mutation]
 87854 | Zot:4    | Lost mutation: You are clumsy. (Dex -2) [potion of
                  | mutation]
 87854 | Zot:4    | Lost mutation: Your body sometimes deteriorates upon taking
                  | damage. [potion of mutation]
 87854 | Zot:4    | Lost mutation: Potions are less effective at restoring your
                  | health. [potion of mutation]
 87906 | Zot:5    | Gained mutation: You are clumsy. (Dex -2) [an orb of fire]
 87913 | Zot:5    | Killed an orb of fire
 87948 | Zot:5    | Killed an orb of fire
 87949 | Zot:5    | Reached XP level 27. HP: 220/291 MP: 17/39
 88373 | Zot:5    | Noticed an orb of fire
 88390 | Zot:5    | Killed an orb of fire
 88691 | Zot:5    | Noticed an orb of fire
 88713 | Zot:5    | Killed an orb of fire
 88777 | Zot:5    | Noticed an orb of fire
 88794 | Zot:5    | Killed an orb of fire
 89637 | Zot:5    | Noticed an orb of fire
 89647 | Zot:5    | Gained mutation: You occasionally lose the ability to read
                  | scrolls when taking damage. [an orb of fire]
 89666 | Zot:5    | Gained mutation: You are vulnerable to cold. (rC-) [an orb
                  | of fire]
 89667 | Zot:5    | Killed an orb of fire
 89817 | Zot:5    | Lost mutation: You are clumsy. (Dex -2) [potion of
                  | mutation]
 89817 | Zot:5    | Lost mutation: You occasionally lose the ability to read
                  | scrolls when taking damage. [potion of mutation]
 89817 | Zot:5    | Gained mutation: You are resistant to electric shocks.
                  | (rElec) [potion of mutation]
 89984 | Zot:5    | Noticed an orb of fire
 90001 | Zot:5    | Killed an orb of fire
 90196 | Zot:5    | Noticed an ancient lich
 90207 | Zot:5    | Killed an ancient lich
 90577 | Zot:5    | Got the Orb of Zot
 90889 | D:14     | Noticed Bowkucoo the pandemonium lord
 90974 | D:11     | Reached skill level 5 in Stealth
 91097 | D:5      | Noticed Cuodirac the pandemonium lord
 91230 | D:$      | Escaped with the Orb!

Illustrated notes

.### #.♣ ...## #.♣♣ ...###).♣♣♣
########################.#.).#...
..........................)#####.
.########################..## #.
...# #...## #. ...#
##########.#..# #. ##.######
#@......##.##.# #. $#......##
#.......##. #.# #. .#.......##
#.......##. #.# #. .#..^.._..#
#.......##. #.###. .#........#
#.......##. #..... .#........#
#.......##. ####.. .#......###
#.......# #.. .#......#
#.......##+### #.. ##.....[#
#............# #..


Turn 5718 on D:5: hmmmmmmmmmmmm ..... ##### # #.. .# ###### #...##.# ##
.....###.##.... .. ..##...#.#..♣♣. .♣ .. ..####....#.♣♣.. .♣♣..#
......>..##....##....# ...........#.##.@# ...........##.#).#
.........##....##....# .........#..♣♣)# (♣♣.# ######.##.#.♣♣..#.♣
.........##....##.. ...........#.##. #. ...........##. . #. .............. ..
Turn 7992 on D:7: not OP sling at all

Levels and vault maps discovered:
D:1:      nzn_arrival_depleted_hourglass, layout_basic,
          chequers_serial_rivers_micro_a
D:2:      layout_basic, uniq_terence, uniq_sigmund
D:3:      layout_loops_corners, uniq_crazy_yiuf_cottage
D:4:      layout_layer_cave, zin_purify, mainiacjoe_overflow_brackets,
          nicolae_ru_path_of_blood, minmay_temple_entry_glassed_door
D:5:      layout_basic, kennysheep_mini_moat, mainiacjoe_overflow_big_doors,
          lemuel_tele_altar, nicolae_gozag_seed_capital, nrook_campfire,
          uniq_duvessa
D:6:      layout_loops_ring, portal_sewer_entry_e
D:7:      layout_basic, overflow_temple_1_default, nicolae_eternal_life,
          hangedman_abyss_or_decor_slice, uniq_prince_ribbit1
D:8:      layout_basic, mainiacjoe_overflow_six_doors_small,
          grunt_lair_entry_orc_guard_hut, enter_ossuary_5,
          nicolae_shop_clearance
D:9:      minmay_the_grid_octo_2x2 [minmay_the_grid_octo_checkerflower,
          minmay_the_grid_octo_77, minmay_the_grid_octo_fan_narrow,
          minmay_the_grid_octo_prize_square_snowflake], layout_basic,
          nicolae_wu_jian_glorious_leap, david_orc_4, uniq_maurice
D:10:     gammafunk_sealed_arena, layout_stronghold,
          mainiacjoe_overflow_small_starburst
D:11:     layout_loops_ring, cheibrodos_ashenzari_chains, uniq_erica, uniq_lodul
D:12:     layout_loops_ring, kennysheep_big_empty_room,
          corexii_leaking_fountain, hex_tiny, chequers_decorated_corner
D:13:     layout_loops_ring, gauntlet_entry_generic,
          chequers_serial_rivers_room_a
D:14:     layout_cave_pools, david_vaults_5, infiniplex_staircase_pool_2,
          uniq_nessos, uniq_rupert
D:15:     grunt_enter_depths_hoard, layout_cross, solitary_fountain,
          uniq_azrael, uniq_agnes, uniq_jorgrun, uniq_josephine
Temple:   zaba_magenta_temple
Lair:1:   layout_long_grid, lemuel_fruit_fields, grunt_megastairs_4
Lair:2:   layout_regular_city, nicolae_swamp_entry_splash_gauntlet,
          minmay_snake_entry_guardpost_small, basic_altar,
          portal_ice_cave_entry_pillars_1, lemuel_old_faithful,
          serial_bayou_shore_b, lemuel_fruit_tree, uniq_amaemon
Lair:3:   layout_regular_city, serial_bayou_shore_a
Lair:4:   layout_loops_ring, slime_entry_2, hangedman_tree_tricks,
          columned_hall_lemuel, uniq_kirke
Lair:5:   minmay_lair_end_frog_pond, layout_concentric_octagons, st_stairs_12
Swamp:1:  layout_falls_marsh, evilmike_swamp_ruin_house_5, swamp_pool5
Swamp:2:  layout_falls_marsh, nicolae_swamp_decorative_isthmus
Swamp:3:  layout_basic_swamp, evilmike_swamp_ruin_house_6, swamp_pool5,
          st_swamp_ruins_2
Swamp:4:  swamp_old_school, layout_basic_swamp
Snake:1:  layout_chambers, gammafunk_ghost_wrathful_warriors, basic_altar
Snake:2:  nicolae_snakescales, layout_grid_shapes, ebering_ghost_rock_garden,
          nicolae_shop_self_help
Snake:3:  layout_basic, gammafunk_ghost_split, uniq_saint_roka, uniq_vashnia
Snake:4:  johnstein_snake_rune_scales, layout_cave_town, serial_bayou_shore_b
Orc:1:    layout_caves, mines4_lemuel, uniq_harold
Orc:2:    st_orc_elflike, layout_caves, mines2_david, uniq_sonja
Elf:1:    minmay_elf_arrival_circle, layout_geoelf_octagon, serial_shops,
          nicolae_shop_advertising_works [nicolae_subvault_shop_adworks],
          minmay_elf_necromancy, uniq_asterion
Elf:2:    nicolae_elf_blades_splatter_lattice
          [nicolae_blade_entry_floor_patterns], layout_loops_cross
Elf:3:    minmay_elf_hall_circle, layout_gridlike, minivault_16,
          nicolae_elf_deep_friendship
Vaults:1: ontoclasm_vaults_eye, vaults_room_door_hall, ontoclasm_vaults_fault,
          hangedman_vaults_stretched_pinwheel, nicolae_vaults_know_your_exits,
          grunt_vaults_hallway_long, nicolae_vaults_network_star,
          nicolae_vaults_angled_halls, grunt_vaults_diagonal, serial_ice_b,
          v_pattern_2, vaults_room_door_hall, nicolae_vaults_asterisk,
          vaults_room_fancy_cross, ontoclasm_vaults_shuriken,
          layout_vaults_omnicross
Vaults:2: hangedman_vaults_unwind, hangedman_vaults_cutoff, v_misc_27,
          minmay_crypt_entry_nasty_monster,
          vaults_standard_mumra_enter_the_diamond, vaults_room_corners,
          ontoclasm_vaults_loading_screen, layout_vaults_big_room, serial_shops,
          nicolae_shop_hallway_plus, uniq_donald, uniq_margery
Vaults:3: ploomutoo_gammafunk_ghost_potion_laboratory, vaults_room_hallway,
          vaults_mumra_minichess, nicolae_vaults_little_squares_6,
          ontoclasm_vaults_gallery, nicolae_vaults_little_squares_5, v_misc_32,
          nicolae_vaults_ring_of_whatevers, v_misc_18, v_misc_11, v_rooms_1,
          nicolae_vaults_angled_halls, nicolae_vaults_network_quinsquares
          [nicolae_vaults_network_quincunx_subvault,
          nicolae_vaults_network_quincunx_subvault,
          nicolae_vaults_network_quincunx_subvault,
          nicolae_vaults_network_quincunx_subvault],
          ontoclasm_vaults_ring_square, vaults_dpeg_ring, layout_vaults_ring,
          serial_shops, shop, nicolae_shop_crystal, shop_coins,
          nicolae_shop_hallway_plus, shop_statue, uniq_jory, uniq_frederick
Vaults:4: serial_ice_m, nicolae_vaults_what_the_h, v_alt_pattern_3,
          hangedman_vaults_stagger, ontoclasm_vaults_loading_screen,
          hangedman_vaults_impose, nicolae_vaults_disjoint_gnomons,
          vaults_dpeg_diagonal, vaults_mumra_lcd,
          nicolae_vaults_branching_niches, ontoclasm_vaults_ring_small,
          grunt_vaults_twisty, layout_vaults_omnibox
Vaults:5: uniq_mara
Crypt:1:  layout_chaotic_city, ebering_ghost_xom, corner_web_ring,
          moated_statue, grunt_crypt_arrival_split
Crypt:2:  layout_catacombs, uniq_xtahua, uniq_khufu
Crypt:3:  church_of_pain_bobbens, layout_chaotic_city, uniq_vv
Depths:1: minmay_complete_graph, layout_honeycomb, enter_ziggurat_c,
          hangedman_coc_ice_floe, serial_sigils, serial_sigils_hangedman_gut,
          serial_sigils_hangedman_confine, serial_sigils_hangedman_leer,
          serial_sigils_hangedman_clutch, serial_sigils_hangedman_gnaw,
          serial_shops, nicolae_shop_overgrown_old_shop,
          kennysheep_generic_room_5, serial_bayou_shore_b
Depths:2: kennysheep_windowed_halls, layout_gridlike,
          grunt_pan_entry_in_and_out, serial_shops, nicolae_stop_n_shop_2,
          lemuel_blue_sif_altar, hell_entry, infiniplex_staircase_squiggle
Depths:3: cheibrodos_quadrivalence, layout_honeycomb, abyss_entry, hell_entry
Depths:4: evilmike_zot_entry_hall, layout_cave_pools, hell_entry,
          lemuel_coloured_pillars_altar, serial_bayou_shore_b, minmay_shop_grove
Zot:1:    kennysheep_bubbly, layout_basic
Zot:2:    layout_onion_interference, bh_zot_lava_cross
Zot:3:    layout_misc_corridors, st_large_dragon_hoard_2
Zot:4:    layout_cathedral_of_symmetry, skrybe_zot_glass_3, uniq_grunn
Zot:5:    layout_misc_corridors

Skill      XL: |  1  2  3  4  5  6  7  8  9 10 11 12 13 14 15 16 17 18 19 20 21 22 23 24 25 26 27 |
---------------+----------------------------------------------------------------------------------+-----
Stealth        | 1 5 |  5.1
Spellcasting   | 2 3 4 5 6 7 8 10 11 12 | 12.0
Fire Magic     | 4 5 6 7 8 |  8.0
Ranged Weapons | 4 7 10 12 14 15 16 17 18 | 18.0
Evocations     | 3 4 5 6 7 8 9 10 11 14 | 14.0
Armour         | 1 3 6 7 8 9 10 11 12 13 | 13.0
Fighting       | 5 10 11 12 13 14 15 16 17 18 20 | 20.0
Shields        | 1 3 4 5 6 7 9 10 | 10.9
Conjurations   | 1 4 8 10 11 12 | 12.0
Transmutations | 1 4 8 10 11 12 | 12.0
Throwing       | 3 4 5 6 |  6.0
Dodging        | 3 4 5 6 7 8 9 10 11 12 | 12.0
Invocations    | 2 4 5 6 8 9 10 11 12 14 17 20 | 20.6
Hexes          | 2 7 9 10 11 13 14 15 | 15.0
Earth Magic    | 3 4 |  4.0
Polearms       | |  3.0

Action                     |  1- 3 |  4- 6 |  7- 9 | 10-12 | 13-15 | 16-18 | 19-21 | 22-24 | 25-27 || total
---------------------------+-------+-------+-------+-------+-------+-------+-------+-------+-------++-------
  Melee: Spear             |    42 |    31 |     2 |       |       |       |       |       |       ||    75
         Punch             |       |     1 |       |       |       |       |       |       |       ||     1
         Dagger            |       |       |       |       |     2 |       |       |    12 |     3 ||    17
         Sling             |       |       |       |       |       |     3 |       |       |       ||     3
   Fire: Sling             |       |       |   208 |   685 |  1696 |  1668 |  1716 |   527 |    36 ||  6536
         Hand crossbow     |       |       |       |       |       |       |    22 |  1456 |  1589 ||  3067
  Throw: Throwing net      |       |       |       |       |     2 |     4 |       |     3 |     2 ||    11
         Dart              |       |       |       |       |       |     6 |     6 |     1 |     8 ||    21
   Cast: Scorch            |     6 |    59 |   100 |    87 |    25 |       |       |       |       ||   277
         Irradiate         |       |       |       |       |    24 |   174 |   176 |   278 |   164 ||   816
         Yara's Violent Un |       |       |       |       |       |     6 |    89 |    29 |    28 ||   152
         Apportation       |       |       |       |       |       |       |     5 |     9 |     5 ||    19
         Silence           |       |       |       |       |       |       |       |     2 |       ||     2
         Passwall          |       |       |       |       |       |       |       |     1 |       ||     1
         Enfeeble          |       |       |       |       |       |       |       |       |     9 ||     9
 Invoke: Fiery Armour      |     1 |       |       |       |       |       |       |       |       ||     1
         Foxfire Swarm     |       |       |     2 |       |       |       |       |       |       ||     2
         Heroism           |       |       |       |       |     1 |     5 |     5 |    10 |       ||    21
         Finesse           |       |       |       |       |       |       |     4 |     5 |    14 ||    23
         Duel              |       |       |       |       |       |       |       |     2 |       ||     2
  Evoke: Wand              |       |       |     1 |    17 |    12 |    37 |    31 |    14 |    25 ||   137
         Tin of tremorston |       |       |       |     2 |     6 |    10 |    14 |    12 |    15 ||    59
         Phantom mirror    |       |       |       |     1 |     1 |       |       |       |       ||     2
         Phial of floods   |       |       |       |       |       |     3 |     7 |     3 |     3 ||    16
         Lightning rod     |       |       |       |       |       |       |     8 |    27 |    12 ||    47
         Condenser vane    |       |       |       |       |       |       |       |     3 |    14 ||    17
    Use: Scroll            |       |     3 |    15 |    18 |     6 |    18 |     8 |    16 |    25 ||   109
         Potion            |       |     3 |     1 |     5 |     2 |    12 |     9 |    20 |    33 ||    85
   Stab: Sleeping          |       |     1 |       |       |       |       |       |       |       ||     1
         Paralysed         |       |       |       |       |     2 |       |       |    11 |       ||    13
 Armour: Robe              |    15 |    13 |    26 |    41 |    11 |       |       |       |       ||   106
         Skin              |       |       |       |     8 |       |       |       |       |       ||     8
         Troll leather arm |       |       |       |    44 |   270 |   137 |   145 |   441 |   228 ||  1265
         Swamp dragon scal |       |       |       |       |       |   283 |    18 |       |       ||   301
  Dodge: Dodged            |    21 |    18 |    55 |   165 |   346 |   375 |   245 |   553 |   316 ||  2094
  Block: Kite shield       |       |       |       |     2 |   354 |   549 |   504 |  1419 |   727 ||  3555

Table legend: (Time is in decaauts)
 A = Elapsed time spent in this place.
 B = Non-inter-level travel time spent in this place.
 C = Inter-level travel time spent in this place.
 D = Time resting spent in this place.
 E = Time spent auto-exploring this place.
 F = Levels seen in this place.
 G = Mean time per level.
                   A        B        C        D        E       F      G
               +--------+--------+--------+--------+--------+-----+--------+
         Total |  90458 |  83460 |   6998 |  11265 |  52602 |  56 | 1615.3 |
       Dungeon |  20696 |  17561 |   3135 |   1332 |  12997 |  15 | 1379.7 |
        Temple |     73 |     54 |     19 |      0 |     50 |   1 |   73.0 |
          Lair |   6562 |   6000 |    562 |    829 |   3738 |   5 | 1312.4 |
         Swamp |   4811 |   4657 |    154 |    814 |   2863 |   4 | 1202.8 |
     Snake Pit |  10566 |  10142 |    424 |    379 |   7813 |   4 | 2641.5 |
  Orcish Mines |   2928 |   2479 |    449 |    214 |   1730 |   2 | 1464.0 |
   Elven Halls |   6573 |   6409 |    164 |   1118 |   3818 |   3 | 2191.0 |
        Vaults |  12841 |  11728 |   1113 |   1372 |   7210 |   5 | 2568.2 |
         Crypt |   7578 |   7345 |    233 |   1891 |   3122 |   3 | 2526.0 |
        Depths |   8648 |   8175 |    473 |    436 |   5813 |   4 | 2162.0 |
           Zot |   6994 |   6725 |    269 |   2277 |   2648 |   5 | 1398.8 |
         Sewer |    313 |    313 |      0 |      0 |    213 |   1 |  313.0 |
       Ossuary |    244 |    244 |      0 |      0 |    128 |   1 |  244.0 |
      Ice Cave |   1567 |   1567 |      0 |    580 |    457 |   1 | 1567.0 |
         Arena |     53 |     53 |      0 |     20 |      0 |   2 |   26.5 |
               +--------+--------+--------+--------+--------+-----+--------+

Top non-repeatable levels by time:
Vaults:3: 3568 daAuts
 Crypt:3: 3483 daAuts
   Zot:5: 3455 daAuts
Vaults:5: 3318 daAuts
 Snake:4: 3203 daAuts
 Snake:3: 3139 daAuts
   Elf:3: 2930 daAuts
 Snake:1: 2758 daAuts
 Crypt:2: 2599 daAuts
     D:9: 2577 daAuts
   Elf:2: 2400 daAuts
Depths:1: 2394 daAuts
Depths:2: 2288 daAuts
   Orc:2: 2192 daAuts
Vaults:2: 2124 daAuts
